| TOP OF THE 1ST |
|
Rome Braves batting - Pitching for Eugene Emeralds : LHP Bernard Grose
|
|
Pitching: LHP Bernard Grose
|
|
|
Batting: LHB J.P. Olson
|
0-0: Ball 1-0: Ball 2-0: SINGLE (Groundball, 34D, EV 110.6 MPH)
|
|
Batting: RHB Brandon Burrell
|
0-0: Called Strike 0-1: Called Strike 0-2: SINGLE (Flyball, 8RS, EV 96.2 MPH) J.P. Olson to second
|
|
Batting: LHB Curt Nelson
|
0-0: Fielders Choice at 2nd, 3-6 (Groundball, 3, EV 101.9 MPH) J.P. Olson to third
|
|
Batting: RHB Ike Trout
|
0-0: Swinging Strike 0-1: Ball Curt Nelson steals 2nd base 1-1: Called Strike 1-2: Fly out, F9 (Line Drive, 9, EV 94.4 MPH)
|
|
Batting: LHB Mike Tenorio
|
0-0: Ball 1-0: Ball 2-0: Ball 3-0: Ground out 4-3 (Groundball, 4, EV 102.5 MPH)
|
| Top of the 1st over - 0 runs, 2 hits, 0 errors, 2 left on base; Rome 0 - Eugene 0 |
| BOTTOM OF THE 1ST |
|
Eugene Emeralds batting - Pitching for Rome Braves : RHP Orlando Velazquez
|
|
Pitching: RHP Orlando Velazquez
|
|
|
Batting: RHB Garrett Granata
|
0-0: Fly out, F8 (Flyball, 8RS, EV 85.6 MPH)
|
|
Batting: RHB Chris Slama
|
0-0: Ball 1-0: Fly out, F8 (Flyball, 8RXD, EV 98.8 MPH)
|
|
Batting: RHB Francisco Ramirez
|
0-0: Called Strike 0-1: Foul Ball, location: 2F 0-2: Ball 1-2: Foul Ball, location: 2F 1-2: Ground out 5-3 (Groundball, 56S, EV 70.0 MPH)
|
| Bottom of the 1st over - 0 runs, 0 hits, 0 errors, 0 left on base; Rome 0 - Eugene 0 |
| TOP OF THE 2ND |
|
Rome Braves batting - Pitching for Eugene Emeralds : LHP Bernard Grose
|
|
Batting: RHB Badr al Din Ridha
|
0-0: Ball 1-0: Ball 2-0: Ball 3-0: Called Strike 3-1: Base on Balls
|
|
Batting: RHB Alex Velasquez
|
0-0: Ball 1-0: Ball Wild Pitch! Badr al Din Ridha to second 2-0: Ground out 5-3 (Groundball, 56D, EV 90.0 MPH)
|
|
Batting: RHB Tim Molchan
|
0-0: Ball 1-0: Ball 2-0: Called Strike 2-1: Foul Ball, location: 2F 2-2: Foul Ball, location: 2F 2-2: Strikes out looking
|
|
Batting: SHB Juan Aguilar
|
0-0: Foul Ball, location: 2F 0-1: Ball 1-1: Swinging Strike 1-2: Strikes out swinging
|
| Top of the 2nd over - 0 runs, 0 hits, 0 errors, 1 left on base; Rome 0 - Eugene 0 |
| BOTTOM OF THE 2ND |
|
Eugene Emeralds batting - Pitching for Rome Braves : RHP Orlando Velazquez
|
|
Batting: LHB Trevor Spaulding
|
0-0: Ball 1-0: Ground out 4-3 (Groundball, 34, EV 87.5 MPH)
|
|
Batting: LHB Mark Huey
|
0-0: Called Strike 0-1: Ball 1-1: DOUBLE (Flyball, 89D, EV 100.0 MPH)
|
|
Batting: RHB Brian Gargis
|
0-0: Ball 1-0: Foul Ball, location: 2F 1-1: Ball 2-1: Called Strike 2-2: Foul Ball, location: 2F 2-2: Foul Ball, location: 2F 2-2: Strikes out looking
|
|
Batting: SHB Bob Hamilton
|
0-0: Ball 1-0: Foul Ball, location: 2F 1-1: Foul Ball, location: 2F 1-2: Fly out, F9 (Flyball, 9D, EV 101.9 MPH)
|
| Bottom of the 2nd over - 0 runs, 1 hit, 0 errors, 1 left on base; Rome 0 - Eugene 0 |
| TOP OF THE 3RD |
|
Rome Braves batting - Pitching for Eugene Emeralds : LHP Bernard Grose
|
|
Batting: LHB J.P. Olson
|
0-0: Ball 1-0: Called Strike 1-1: Ball 2-1: SINGLE (Groundball, 34D, EV 102.5 MPH)
|
|
Batting: RHB Brandon Burrell
|
0-0: Foul Ball, location: 2F 0-1: Fly out, F2 (Popup, 25F, EV 78.1 MPH)
|
|
Batting: LHB Curt Nelson
|
0-0: Called Strike J.P. Olson steals 2nd base 0-1: Ball J.P. Olson steals 3rd base 1-1: Ball 2-1: Ball 3-1: Base on Balls
|
|
Batting: RHB Ike Trout
|
0-0: Ball 1-0: Ball Wild Pitch! J.P. Olson scores Curt Nelson to second 2-0: Foul Ball, location: 2F 2-1: Foul Ball, location: 2F 2-2: Fly out, F7 (Line Drive, 7, EV 87.5 MPH)
|
|
Batting: LHB Mike Tenorio
|
0-0: SINGLE (Flyball, 56D, EV 98.1 MPH) Curt Nelson to third Runner from 3rd tries for Home, SAFE, throw by LF to home
|
|
Batting: RHB Badr al Din Ridha
|
0-0: Ball 1-0: Ball 2-0: Ground out 6-3 (Groundball, 6S, EV 88.1 MPH)
|
| Top of the 3rd over - 2 runs, 2 hits, 0 errors, 1 left on base; Rome 2 - Eugene 0 |
| BOTTOM OF THE 3RD |
|
Eugene Emeralds batting - Pitching for Rome Braves : RHP Orlando Velazquez
|
|
Batting: RHB Adam Kelliher
|
0-0: Ball 1-0: Ball 2-0: Swinging Strike 2-1: Swinging Strike 2-2: Foul Ball, location: 2F 2-2: Strikes out swinging
|
|
Batting: RHB Jonathan Ridgely
|
0-0: Called Strike 0-1: Ball 1-1: Foul Ball, location: 2F 1-2: Strikes out swinging
|
|
Batting: RHB Garrett Granata
|
0-0: Called Strike 0-1: Called Strike 0-2: Strikes out swinging
|
| Bottom of the 3rd over - 0 runs, 0 hits, 0 errors, 0 left on base; Rome 2 - Eugene 0 |
| TOP OF THE 4TH |
|
Rome Braves batting - Pitching for Eugene Emeralds : LHP Bernard Grose
|
|
Batting: RHB Alex Velasquez
|
0-0: Ball 1-0: Ball 2-0: Ball 3-0: Called Strike 3-1: Base on Balls
|
|
Batting: RHB Tim Molchan
|
0-0: Called Strike 0-1: Called Strike 0-2: Ball 1-2: Ball 2-2: Ball 3-2: Base on Balls Alex Velasquez to second
|
|
Batting: SHB Juan Aguilar
|
0-0: Ball 1-0: Ball 2-0: Grounds into double play, 5-4-3 (Groundball, 5, EV 89.4 MPH) Alex Velasquez to third
|
|
Batting: LHB J.P. Olson
|
0-0: Ball 1-0: Called Strike 1-1: Ball 2-1: Ball 3-1: Base on Balls
|
|
Pitching: RHP Miles Edwards
|
|
|
Batting: RHB Brandon Burrell
|
0-0: Ball 1-0: Called Strike 1-1: Ball 2-1: Ball 3-1: Ground out 4-3 (Groundball, 4, EV 105.6 MPH)
|
| Top of the 4th over - 0 runs, 0 hits, 0 errors, 2 left on base; Rome 2 - Eugene 0 |
| BOTTOM OF THE 4TH |
|
Eugene Emeralds batting - Pitching for Rome Braves : RHP Orlando Velazquez
|
|
Batting: RHB Chris Slama
|
0-0: Called Strike 0-1: Ball 1-1: Ball 2-1: Ball 3-1: SINGLE (Line Drive, 9S, EV 101.9 MPH)
|
|
Batting: RHB Francisco Ramirez
|
0-0: Ball 1-0: Ball 2-0: Swinging Strike 2-1: Foul Ball, location: 2F 2-2: Foul Ball, location: 2F 2-2: Strikes out swinging
|
|
Batting: LHB Trevor Spaulding
|
0-0: Ball 1-0: Ball 2-0: Grounds into double play, 6-4-3 (Groundball, 6, EV 78.8 MPH)
|
| Bottom of the 4th over - 0 runs, 1 hit, 0 errors, 0 left on base; Rome 2 - Eugene 0 |
| TOP OF THE 5TH |
|
Rome Braves batting - Pitching for Eugene Emeralds : RHP Miles Edwards
|
|
Batting: LHB Curt Nelson
|
0-0: Called Strike 0-1: Foul Ball, location: 2F 0-2: Ball 1-2: Foul Ball, location: 2F 1-2: Ball 2-2: Ball 3-2: Ground out 4-3 (Groundball, 4, EV 76.9 MPH)
|
|
Batting: RHB Ike Trout
|
0-0: Foul Ball, location: 2F 0-1: Ball 1-1: Fly out, F8 (Flyball, 8LM, EV 81.9 MPH)
|
|
Batting: LHB Mike Tenorio
|
0-0: Ball 1-0: Ball 2-0: Ball 3-0: Called Strike 3-1: Base on Balls
|
|
Batting: RHB Badr al Din Ridha
|
0-0: Foul Ball, location: 2F 0-1: Foul Ball, location: 2F 0-2: Foul Ball, location: 2F 0-2: Ball 1-2: SINGLE (Groundball, 5S, EV 71.2 MPH) (infield hit) Mike Tenorio to second
|
|
Batting: RHB Alex Velasquez
|
0-0: Called Strike 0-1: Foul Ball, location: 2F 0-2: Foul Ball, location: 2F 0-2: Ball 1-2: Ball 2-2: Ball 3-2: Base on Balls Mike Tenorio to third Badr al Din Ridha to second
|
|
Batting: RHB Tim Molchan
|
0-0: SINGLE (Groundball, 56D, EV 96.2 MPH) Mike Tenorio scores Badr al Din Ridha to third Alex Velasquez to second Runner from 3rd tries for Home, SAFE, throw by LF to home Alex Velasquez to third Tim Molchan to second
|
|
Batting: SHB Juan Aguilar
|
0-0: Ball 1-0: Swinging Strike 1-1: Foul Ball, location: 2F 1-2: Strikes out swinging
|
| Top of the 5th over - 2 runs, 2 hits, 0 errors, 2 left on base; Rome 4 - Eugene 0 |
| BOTTOM OF THE 5TH |
|
Eugene Emeralds batting - Pitching for Rome Braves : RHP Orlando Velazquez
|
|
Batting: LHB Mark Huey
|
0-0: Foul Ball, location: 2F 0-1: Ball 1-1: Called Strike 1-2: Ball 2-2: Strikes out swinging
|
|
Batting: RHB Brian Gargis
|
0-0: Foul Ball, location: 2F 0-1: Swinging Strike 0-2: Strikes out swinging
|
|
Batting: SHB Bob Hamilton
|
0-0: Called Strike 0-1: DOUBLE (Groundball, 3L, EV 105.6 MPH)
|
|
Batting: RHB Adam Kelliher
|
0-0: Ball 1-0: Ball 2-0: Ground out 4-3 (Groundball, 4, EV 76.9 MPH)
|
| Bottom of the 5th over - 0 runs, 1 hit, 0 errors, 1 left on base; Rome 4 - Eugene 0 |
| TOP OF THE 6TH |
|
Rome Braves batting - Pitching for Eugene Emeralds : RHP Miles Edwards
|
|
Batting: LHB J.P. Olson
|
0-0: Ball 1-0: Ball 2-0: Ball 3-0: Foul Ball, location: 2F 3-1: Base on Balls
|
|
Batting: RHB Brandon Burrell
|
0-0: Called Strike 0-1: Swinging Strike Passed Ball! J.P. Olson to second 0-2: Ground out 6-3 (Groundball, 4MS, EV 70.0 MPH) J.P. Olson to third
|
|
Pitching: RHP Jose Marrero
|
|
|
Batting: LHB Curt Nelson
|
0-0: Ball 1-0: Ball 2-0: Ball 3-0: Base on Balls
|
|
Batting: RHB Ike Trout
|
0-0: Called Strike 0-1: Ball Curt Nelson steals 2nd base (no throw) 1-1: Ball 2-1: Swinging Strike 2-2: Ball 3-2: Strikes out swinging
|
|
Batting: LHB Mike Tenorio
|
0-0: Ball 1-0: Called Strike 1-1: Ball 2-1: Swinging Strike 2-2: Ball 3-2: Base on Balls
|
|
Batting: RHB Badr al Din Ridha
|
0-0: Fly out, F3 (Line Drive, 3, EV 67.5 MPH)
|
| Top of the 6th over - 0 runs, 0 hits, 0 errors, 3 left on base; Rome 4 - Eugene 0 |
| BOTTOM OF THE 6TH |
|
Eugene Emeralds batting - Pitching for Rome Braves : RHP Orlando Velazquez
|
|
Batting: RHB Jonathan Ridgely
|
0-0: Ball 1-0: Called Strike 1-1: Swinging Strike 1-2: Strikes out swinging
|
|
Batting: RHB Garrett Granata
|
0-0: Called Strike 0-1: Ball 1-1: Ball 2-1: Swinging Strike 2-2: Foul Ball, location: 2F 2-2: Foul Ball, location: 2F 2-2: Foul Ball, location: 2F 2-2: Ball 3-2: Fly out, F8 (Flyball, 8LM, EV 89.4 MPH)
|
|
Batting: RHB Chris Slama
|
0-0: Ball 1-0: Ground out 5-3 (Groundball, 25, EV 87.5 MPH)
|
| Bottom of the 6th over - 0 runs, 0 hits, 0 errors, 0 left on base; Rome 4 - Eugene 0 |
| TOP OF THE 7TH |
|
Rome Braves batting - Pitching for Eugene Emeralds : RHP Jose Marrero
|
|
Batting: RHB Alex Velasquez
|
0-0: Ground out 6-3 (Groundball, 6, EV 100.6 MPH)
|
|
Batting: RHB Tim Molchan
|
0-0: Ball 1-0: Ball 2-0: Called Strike 2-1: Foul Ball, location: 2F 2-2: Foul Ball, location: 2F 2-2: Ball 3-2: Foul Ball, location: 2F 3-2: Single, Error in OF, E8, batter to second base (Groundball, 6MD, EV 104.4 MPH)
|
|
Batting: SHB Juan Aguilar
|
0-0: Called Strike 0-1: Ball 1-1: Fly out, F8 (Flyball, 8RXD, EV 103.8 MPH) Runner from 2nd tags up, SAFE at 3rd, no throw by CF
|
|
Batting: LHB J.P. Olson
|
0-0: Ball Wild Pitch! Tim Molchan scores 1-0: Ball 2-0: Called Strike 2-1: DOUBLE (Line Drive, 8RXD, EV 100.6 MPH)
|
|
Batting: RHB Brandon Burrell
|
0-0: Called Strike 0-1: Ball 1-1: Ball 2-1: Ground out 4-3 (Groundball, 4, EV 84.4 MPH)
|
| Top of the 7th over - 1 run, 2 hits, 1 error, 1 left on base; Rome 5 - Eugene 0 |
| BOTTOM OF THE 7TH |
|
Eugene Emeralds batting - Pitching for Rome Braves : RHP Orlando Velazquez
|
|
Batting: RHB Francisco Ramirez
|
0-0: Swinging Strike 0-1: Ball 1-1: Ball 2-1: Swinging Strike 2-2: Ball 3-2: Hit by Pitch
|
|
Batting: LHB Trevor Spaulding
|
0-0: Called Strike 0-1: TRIPLE (Line Drive, 89XD, EV 103.8 MPH) Francisco Ramirez scores
|
|
Batting: LHB Mark Huey
|
0-0: Ball 1-0: Ball 2-0: Foul Ball, location: 2F 2-1: Foul Ball, location: 2F 2-2: Fly out, F8 (Line Drive, 8RM, EV 105.6 MPH) Runner from 3rd tags up, SCORES, no throw by CF
|
|
Batting: RHB Brian Gargis
|
0-0: Called Strike 0-1: Ball 1-1: Ball 2-1: Foul Ball, location: 2F 2-2: Ball 3-2: Strikes out looking
|
|
Batting: SHB Bob Hamilton
|
0-0: Ball 1-0: Called Strike 1-1: Swinging Strike 1-2: Strikes out swinging
|
| Bottom of the 7th over - 2 runs, 1 hit, 0 errors, 0 left on base; Rome 5 - Eugene 2 |
| TOP OF THE 8TH |
|
Rome Braves batting - Pitching for Eugene Emeralds : RHP Jose Marrero
|
|
Pitching: LHP Virgílio Beyfus
|
|
|
Batting: LHB Curt Nelson
|
0-0: Fly out, F7 (Line Drive, 7, EV 98.8 MPH)
|
|
Batting: RHB Ike Trout
|
0-0: Foul Ball, location: 2F 0-1: Ball 1-1: Swinging Strike 1-2: Ground out 5-3 (Groundball, 56S, EV 56.9 MPH)
|
|
Batting: LHB Mike Tenorio
|
0-0: SINGLE (Groundball, 6D, EV 101.2 MPH)
|
|
Batting: RHB Badr al Din Ridha
|
0-0: Called Strike 0-1: Ball 1-1: Fielders Choice at 2nd, 6-4 (Groundball, 6, EV 84.4 MPH)
|
| Top of the 8th over - 0 runs, 1 hit, 0 errors, 1 left on base; Rome 5 - Eugene 2 |
| BOTTOM OF THE 8TH |
|
Eugene Emeralds batting - Pitching for Rome Braves : RHP Orlando Velazquez
|
|
Pitching: RHP Omar Orosco
|
|
|
Now at 1B: Ike Trout
|
|
|
Now at 3B: Adrian Billups
|
|
|
Now in LF: Javier Rubio
|
|
|
Batting: RHB Adam Kelliher
|
0-0: Called Strike 0-1: Ground out 6-3 (Groundball, 6S, EV 70.0 MPH)
|
|
Batting: RHB Jonathan Ridgely
|
0-0: Ball 1-0: Ball 2-0: Foul Ball, location: 2F 2-1: Ball 3-1: Ground out 5-3 (Groundball, 5, EV 87.5 MPH)
|
|
Batting: RHB Garrett Granata
|
0-0: Called Strike 0-1: Ground out 4-3 (Groundball, 4D, EV 80.6 MPH)
|
| Bottom of the 8th over - 0 runs, 0 hits, 0 errors, 0 left on base; Rome 5 - Eugene 2 |
| TOP OF THE 9TH |
|
Rome Braves batting - Pitching for Eugene Emeralds : LHP Virgílio Beyfus
|
|
Batting: RHB Alex Velasquez
|
0-0: Ball 1-0: Ball 2-0: Ball 3-0: Base on Balls
|
|
Batting: RHB Tim Molchan
|
0-0: Ball 1-0: Called Strike 1-1: Foul Ball, location: 2F 1-2: DOUBLE (Flyball, 8RD, EV 104.4 MPH) Alex Velasquez to third
|
|
Batting: SHB Juan Aguilar
|
0-0: Called Strike 0-1: Called Strike 0-2: Foul Ball, location: 2F 0-2: Foul Ball, location: 2F 0-2: SINGLE (Line Drive, 78S, EV 106.9 MPH) Alex Velasquez scores Tim Molchan to third
|
|
Batting: LHB J.P. Olson
|
0-0: Fly out, F9 (Flyball, 9LD, EV 105.0 MPH)
|
|
Batting: LHB Javier Rubio
|
0-0: Fly out, F8 (Line Drive, 8RD, EV 98.8 MPH) Runner from 3rd tags up, SCORES, throw by CF
|
|
Batting: RHB Adrian Billups
|
0-0: Foul Ball, location: 2F 0-1: Foul Ball, location: 2F 0-2: Ball 1-2: Ball 2-2: Fly out, F2 (Popup, 5SF, EV 76.2 MPH)
|
| Top of the 9th over - 2 runs, 2 hits, 0 errors, 1 left on base; Rome 7 - Eugene 2 |
| BOTTOM OF THE 9TH |
|
Eugene Emeralds batting - Pitching for Rome Braves : RHP Omar Orosco
|
|
Batting: RHB Chris Slama
|
0-0: Ball 1-0: Swinging Strike 1-1: Ground out 3-1 (Groundball, 34, EV 86.9 MPH)
|
|
Batting: RHB Francisco Ramirez
|
0-0: Ball 1-0: Called Strike 1-1: Ball 2-1: Ball 3-1: Foul Ball, location: 2F 3-2: SINGLE (Groundball, 6MD, EV 103.8 MPH)
|
|
Batting: LHB Trevor Spaulding
|
0-0: Ball 1-0: DOUBLE (Groundball, 5L, EV 100.6 MPH) Francisco Ramirez to third
|
|
Batting: LHB Mark Huey
|
0-0: Called Strike 0-1: Ball 1-1: Foul Ball, location: 2F 1-2: Ball 2-2: Strikes out swinging
|
|
Pinch Hitting: LHB Kwang-chih Men
|
0-0: Ball 1-0: Ball 2-0: Ground out 6-3 (Groundball, 56, EV 98.8 MPH)
|
| Bottom of the 9th over - 0 runs, 2 hits, 0 errors, 2 left on base; Rome 7 - Eugene 2 |
|